General information
- name: BNet
- type: Ladder team game (AT/RT)
- host: Battle.net
- saver: SmashingPumpkin
map: Deadlock
- players: 8
- length: 15:11
- speed: Fast
- version: 1.26 W3XP
- replay type: Public
» download(110 KB)
Players
team 1 (loser)
CoBraa (
yellow | 120 APM | 1816 actions | 15:07)
2 Blademaster
1 Wind Walk
1 Critical Strike
» actions
| Assign group hotkey | 33 | |
| Basic commands | 63 | |
| Build / train | 60 | |
| ESC pressed | 2 | |
| Enter build submenu | 22 | |
| Enter hero's abilities submenu | 2 | |
| Remove unit from queue | 1 | |
| Right click | 572 | |
| Select / deselect | 247 | |
| Select group hotkey | 750 | |
| Use ability | 64 | |
1816 total
» units
| Peon | 13 | |
| Grunt | 4 | |
| Troll Batrider | 21 | |
38 total
» upgrades
| Liquid Fire | 1 | |
| Ranged Weapons | 1 | |
2 total
» buildings
| Altar of Storms | 1 | |
| Orc Burrow | 4 | |
| Barracks | 1 | |
| Stronghold | 3 | |
| Voodoo Lounge | 1 | |
| Beastiary | 4 | |
| Fortress | 3 | |
| Great Hall | 3 | |
| War Mill | 1 | |
| Watch Tower | 1 | |
22 total
» build order
00:12 Altar of Storms
00:22 Orc Burrow
00:42 Barracks
01:38 Orc Burrow
02:54 Stronghold
02:54 Stronghold
02:55 Stronghold
03:16 Voodoo Lounge
03:27 Orc Burrow
05:23 Beastiary
05:23 Beastiary
05:45 Fortress
05:45 Fortress
06:20 Great Hall
06:52 War Mill
07:08 Orc Burrow
10:09 Great Hall
11:52 Beastiary
12:03 Beastiary
12:45 Great Hall
13:12 Watch Tower
» items
| Boots of Speed | 1 | |
| Healing Salve | 2 | |
| Potion of Healing | 1 | |
| Lesser Clarity Potion | 1 | |
5 total
Spicey7 (
teal | 57 APM | 866 actions | 15:10)
3 Death Knight
2 Unholy Aura
1 Death Coil
2 Dark Ranger
1 Silence
1 Black Arrow
» actions
| Basic commands | 3 | |
| Build / train | 41 | |
| Enter build submenu | 19 | |
| Enter hero's abilities submenu | 5 | |
| Right click | 467 | |
| Select / deselect | 286 | |
| Use ability | 45 | |
866 total
» units
| Acolyte | 12 | |
| Ghoul | 5 | |
| Crypt Fiend | 6 | |
23 total
» upgrades
| Burrow | 1 | |
| Web | 1 | |
| Creature Attack | 2 | |
4 total
» buildings
| Altar of Darkness | 1 | |
| Ziggurat | 6 | |
| Crypt | 2 | |
| Nerubian Tower | 2 | |
| Graveyard | 1 | |
| Halls of the Dead | 1 | |
| Necropolis | 2 | |
| Black Citadel | 1 | |
| Sacrificial Pit | 1 | |
| Spirit Tower | 1 | |
18 total
» build order
00:06 Altar of Darkness
00:07 Ziggurat
00:51 Crypt
01:02 Crypt
01:22 Ziggurat
01:38 Nerubian Tower
03:25 Graveyard
03:44 Ziggurat
03:48 Ziggurat
04:16 Ziggurat
06:03 Halls of the Dead
06:31 Nerubian Tower
07:25 Necropolis
08:55 Necropolis
12:02 Black Citadel
12:16 Sacrificial Pit
13:43 Ziggurat
14:11 Spirit Tower

»
BUTTMUSTARD (
blue | 26 APM | 394 actions | 14:55)
3 Blademaster
2 Wind Walk
1 Critical Strike
» actions
| Build / train | 43 | |
| Enter build submenu | 20 | |
| Enter hero's abilities submenu | 3 | |
| Give item / drop item | 2 | |
| Remove unit from queue | 1 | |
| Right click | 149 | |
| Select / deselect | 150 | |
| Use ability | 26 | |
394 total
» units
| Peon | 10 | |
| Grunt | 6 | |
| Troll Headhunter/Berserker | 5 | |
| Wind Rider | 4 | |
| Shaman | 2 | |
27 total
» upgrades
| Troll Regeneration | 1 | |
| Shaman Training | 2 | |
| Envenomed Spears | 1 | |
4 total
» buildings
| Altar of Storms | 1 | |
| Orc Burrow | 6 | |
| Barracks | 1 | |
| Voodoo Lounge | 1 | |
| Stronghold | 1 | |
| War Mill | 1 | |
| Spirit Lodge | 1 | |
| Beastiary | 4 | |
| Fortress | 1 | |
17 total
» build order
00:38 Altar of Storms
00:54 Orc Burrow
01:02 Barracks
01:28 Voodoo Lounge
02:13 Orc Burrow
03:04 Orc Burrow
03:07 Orc Burrow
05:27 Stronghold
05:41 Orc Burrow
06:29 War Mill
08:04 Spirit Lodge
08:08 Beastiary
08:12 Beastiary
08:54 Fortress
09:00 Orc Burrow
09:38 Beastiary
09:49 Beastiary
» items
| Healing Salve | 2 | |
| Lesser Clarity Potion | 1 | |
| Scroll of Speed | 1 | |
| Scroll of Town Portal | 1 | |
5 total

»
Whitemanbeard (
pink | 62 APM | 937 actions | 14:59)
3 Demon Hunter
2 Immolation
1 Evasion
» actions
| Assign group hotkey | 19 | |
| Build / train | 59 | |
| Enter build submenu | 22 | |
| Enter hero's abilities submenu | 3 | |
| Right click | 518 | |
| Select / deselect | 196 | |
| Select group hotkey | 79 | |
| Use ability | 41 | |
937 total
» units
| Wisp | 16 | |
| Archer | 11 | |
| Huntress | 6 | |
| Dryad | 8 | |
| Mountain Giant | 4 | |
45 total
» upgrades
| Strength of the Moon | 2 | |
| Strength of the Wild | 1 | |
3 total
» buildings
| Altar of Elders | 1 | |
| Moon Well | 6 | |
| Ancient of War | 2 | |
| Ancient of Wonders | 1 | |
| Hunter's Hall | 1 | |
| Tree of Ages | 4 | |
| Ancient of Lore | 1 | |
| Tree of Life | 1 | |
| Ancient Protector | 2 | |
19 total
» build order
00:03 Altar of Elders
00:10 Moon Well
00:28 Ancient of War
01:31 Ancient of Wonders
02:00 Moon Well
02:42 Hunter's Hall
03:10 Moon Well
03:42 Ancient of War
04:44 Tree of Ages
04:44 Tree of Ages
04:45 Tree of Ages
05:22 Moon Well
06:47 Moon Well
07:44 Moon Well
07:51 Ancient of Lore
08:53 Tree of Life
09:50 Ancient Protector
09:55 Ancient Protector
» items
| Dust of Appearance | 1 | |
| Orb of Lightning | 1 | |
| Scroll of Town Portal | 1 | |
3 total
team 2 (winner)
Mecha-Streisand (
orange | 80 APM | 1222 actions | 15:10)
4 Tauren Chieftain
2 War Stomp
2 Endurance Aura
2 Shadow Hunter
1 Hex
1 Healing Wave
» actions
| Assign group hotkey | 22 | |
| Basic commands | 9 | |
| Build / train | 46 | |
| Enter build submenu | 26 | |
| Enter hero's abilities submenu | 6 | |
| Right click | 612 | |
| Select / deselect | 191 | |
| Select group hotkey | 261 | |
| Use ability | 49 | |
1222 total
» units
| Peon | 9 | |
| Grunt | 7 | |
| Shaman | 3 | |
| Tauren | 1 | |
20 total
» upgrades
| Melee Weapons | 2 | |
| Armor | 1 | |
| Shaman Training | 2 | |
| Pulverize | 1 | |
| Witch Doctor Training | 2 | |
8 total
» buildings
| Orc Burrow | 7 | |
| Barracks | 1 | |
| Altar of Storms | 1 | |
| Voodoo Lounge | 1 | |
| Stronghold | 1 | |
| War Mill | 1 | |
| Spirit Lodge | 1 | |
| Fortress | 1 | |
| Tauren Totem | 3 | |
| Watch Tower | 4 | |
21 total
» build order
00:17 Orc Burrow
00:27 Barracks
00:28 Altar of Storms
01:34 Orc Burrow
02:11 Voodoo Lounge
02:59 Orc Burrow
04:27 Stronghold
05:10 War Mill
05:19 Orc Burrow
05:22 Orc Burrow
07:42 Spirit Lodge
08:30 Fortress
10:22 Orc Burrow
10:58 Tauren Totem
11:01 Tauren Totem
11:03 Tauren Totem
11:37 Watch Tower
11:38 Watch Tower
13:36 Watch Tower
13:44 Watch Tower
15:10 Orc Burrow
» items
| Healing Salve | 3 | |
| Lesser Clarity Potion | 1 | |
| Scroll of Speed | 1 | |
| Scroll of Town Portal | 1 | |
6 total
wahjahdoo (
red | 44 APM | 670 actions | 15:10)
5 Dreadlord
3 Vampiric Aura
2 Carrion Swarm
» actions
| Assign group hotkey | 12 | |
| Basic commands | 11 | |
| Build / train | 34 | |
| Enter build submenu | 16 | |
| Enter hero's abilities submenu | 5 | |
| Right click | 249 | |
| Select / deselect | 168 | |
| Select group hotkey | 154 | |
| Use ability | 21 | |
670 total
» units
| Acolyte | 2 | |
| Ghoul | 6 | |
| Abomination | 4 | |
12 total
» upgrades
| Unholy Strength | 3 | |
| Unholy Armor | 2 | |
| Cannibalize | 1 | |
6 total
» buildings
| Altar of Darkness | 1 | |
| Crypt | 1 | |
| Ziggurat | 6 | |
| Graveyard | 1 | |
| Tomb of Relics | 1 | |
| Halls of the Dead | 5 | |
| Black Citadel | 1 | |
| Slaughterhouse | 2 | |
| Spirit Tower | 1 | |
19 total
» build order
00:19 Altar of Darkness
00:21 Crypt
00:46 Ziggurat
01:27 Graveyard
01:29 Ziggurat
02:05 Tomb of Relics
02:28 Ziggurat
03:07 Halls of the Dead
03:08 Halls of the Dead
03:08 Halls of the Dead
03:08 Halls of the Dead
04:31 Ziggurat
04:43 Ziggurat
05:32 Black Citadel
06:41 Slaughterhouse
06:54 Slaughterhouse
08:08 Ziggurat
10:53 Spirit Tower
» items
| Boots of Speed | 1 | |
| Orb of Corruption | 1 | |
2 total
SmashingPumpkin (
green | 77 APM | 1165 actions | 15:11)
4 Blademaster
2 Wind Walk
2 Critical Strike
» actions
| Assign group hotkey | 119 | |
| Basic commands | 20 | |
| Build / train | 49 | |
| Enter build submenu | 22 | |
| Enter hero's abilities submenu | 4 | |
| Right click | 476 | |
| Select / deselect | 220 | |
| Select group hotkey | 194 | |
| Use ability | 61 | |
1165 total
» units
| Peon | 15 | |
| Grunt | 4 | |
| Troll Batrider | 8 | |
27 total
» upgrades
| Troll Regeneration | 1 | |
| Ranged Weapons | 2 | |
| Liquid Fire | 1 | |
| Armor | 1 | |
5 total
» buildings
| Orc Burrow | 4 | |
| Altar of Storms | 1 | |
| Barracks | 1 | |
| Voodoo Lounge | 1 | |
| Stronghold | 1 | |
| War Mill | 1 | |
| Watch Tower | 6 | |
| Great Hall | 1 | |
| Beastiary | 3 | |
| Fortress | 1 | |
20 total
» build order
00:14 Orc Burrow
00:52 Altar of Storms
00:53 Barracks
01:08 Orc Burrow
01:44 Voodoo Lounge
02:49 Stronghold
03:37 War Mill
05:21 Watch Tower
05:21 Watch Tower
05:34 Great Hall
05:45 Watch Tower
05:47 Watch Tower
06:26 Beastiary
06:45 Beastiary
07:27 Orc Burrow
07:29 Orc Burrow
08:31 Watch Tower
09:33 Fortress
11:16 Beastiary
11:38 Watch Tower
» items
| Healing Salve | 3 | |
| Boots of Speed | 1 | |
| Lesser Clarity Potion | 2 | |
| Scroll of Town Portal | 1 | |
| Potion of Healing | 1 | |
| Potion of Mana | 2 | |
10 total
Erebor (
purple | 18 APM | 276 actions | 15:10)
3 Archmage
2 Summon Water Elemental
1 Brilliance Aura
» actions
| Basic commands | 7 | |
| Build / train | 55 | |
| ESC pressed | 4 | |
| Enter build submenu | 26 | |
| Enter hero's abilities submenu | 2 | |
| Remove unit from queue | 1 | |
| Right click | 53 | |
| Select / deselect | 104 | |
| Use ability | 24 | |
276 total
» units
| Peasant | 19 | |
| Rifleman | 10 | |
| Siege Engine | 3 | |
32 total
» upgrades
| Gunpowder | 3 | |
| Armor | 2 | |
| Long Rifles | 1 | |
| Barrage | 1 | |
7 total
» buildings
| Lumber Mill | 2 | |
| Farm | 13 | |
| Altar of Kings | 1 | |
| Barracks | 2 | |
| Blacksmith | 1 | |
| Keep | 1 | |
| Workshop | 2 | |
| Castle | 1 | |
23 total
» build order
00:15 Lumber Mill
00:35 Farm
01:07 Altar of Kings
01:30 Farm
01:59 Barracks
02:09 Farm
03:03 Barracks
03:17 Blacksmith
03:26 Farm
04:02 Lumber Mill
04:07 Keep
04:14 Farm
04:36 Farm
04:50 Farm
05:42 Farm
06:31 Farm
06:57 Workshop
07:19 Castle
07:34 Farm
08:22 Farm
09:53 Workshop
10:49 Farm
11:45 Farm
Chat log
(00:29 / All) SmashingPumpkin: You're all a bunch of faggots
(00:39 / All) CoBraa: gl hf
(00:46 / All) SmashingPumpkin: Fuck you, bl do not have fun
(00:54 / Allies) Erebor: what yall geting
(00:56 / All) CoBraa: bl?
(01:01 / All) SmashingPumpkin: BAD LUCK
(01:08 / All) CoBraa: o ok
(01:08 / Allies) Mecha-Streisand: melee
(01:13 / Allies) wahjahdoo: melle too
(01:17 / All) SmashingPumpkin: I hope you lose
(01:23 / Allies) Erebor: i can go knight or tnks and rilfs what yall wont
(02:26 / Allies) Erebor: im going knights
(02:31 / Allies) wahjahdoo: no
(02:31 / Allies) SmashingPumpkin: okay bro
(02:37 / Allies) wahjahdoo: me and oj have tauren and abombs
(02:43 / Allies) SmashingPumpkin: I'll make tauren too
(02:44 / Allies) wahjahdoo: get rifles tanks
(02:48 / Allies) Erebor: well ur asses should have said that
(03:09 / All) SmashingPumpkin: you good yellow
(03:20 / All) SmashingPumpkin: me impressed
(04:41 / All) SmashingPumpkin: I'm dealing with professionals here
(08:11 / Allies) wahjahdoo: bombs rollin
(08:34 / Allies) SmashingPumpkin: wood
(08:41 / Allies) wahjahdoo: i need too
(08:42 / Allies) wahjahdoo: :(
(08:56 / Allies) wahjahdoo: ty
(09:19 / Allies) wahjahdoo: spare gold?
(09:43 / Allies) SmashingPumpkin: kill it
(11:07 / Allies) Erebor: coming
(11:35 / Allies) Erebor: let me in
(11:47 / Allies) wahjahdoo: ty
(12:01 / Allies) wahjahdoo: spare g
(12:02 / Allies) wahjahdoo: pls
(12:04 / Allies) Erebor: lets attack
(12:12 / Allies) wahjahdoo: k
(12:22 / Allies) wahjahdoo: oj
(12:23 / Allies) SmashingPumpkin: wood
(12:29 / Allies) Erebor: meat up
(12:33 / Allies) Erebor: at oj base
(12:52 / Allies) wahjahdoo: gold me pls
(12:54 / Allies) Erebor: y do u have to heros
(13:51 / Allies) wahjahdoo: get main green
(14:17 / Allies) Erebor: attac
(14:37 / Allies) wahjahdoo: b
(15:03 / All) SmashingPumpkin: lawl
(15:05 / All) CoBraa: gg
(15:07 / All) SmashingPumpkin: it's nice having an expo yellow